 Dungeon Crawl Stone Soup version 0.27.1-34-g3ba077fa99 (webtiles) character file.

Game seed: 2264542893088063301

2447 comborobin the Transmogrifier (level 9, -11/66 HPs)
             Began as a Vampire Delver on Jan 8, 2022.
             Splashed by an orc warrior's acid (14 damage)
             ... on level 7 of the Dungeon.
             The game lasted 00:10:52 (6419 turns).

comborobin the Transmogrifier (Vampire Delver)      Turns: 6419, Time: 00:10:52

Health: -11/66     AC:  7    Str: 14    XL:     9   Next: 25%
Magic:  5/9        EV: 14    Int: 12    God:
Gold:   336        SH:  5    Dex: 16    Spells: 7/8 levels left

rFire    . . .     SeeInvis +     - Unarmed
rCold    . . .     Faith    .   j - +0 buckler
rNeg     . . .     Spirit   .   o - +0 steam dragon scales
rPois    .         Reflect  .   q - +2 helmet
rElec    .         Harm     .   p - +0 cloak
rCorr    .         Rampage  .   (no gloves)
Will     .....                  (no boots)
Stlth    ++++......             (no amulet)
HPRegen  0.41/turn              (no ring)
MPRegen  0.11/turn              (no ring)

@: corroded, healing quickly, studying Transmutations
A: alive, fangs 3, see invisible, vampiric 2, claws 2, iridescent scales 1
a: Exsanguinate


You were on level 7 of the Dungeon.
You visited 1 branch of the dungeon, and saw 9 of its levels.

You collected 336 gold pieces.

Inventory:

Hand Weapons
 a - a +0 short sword
 u - a +3 quarterstaff of chaos
Missiles
 i - 7 poisoned darts
 m - a throwing net
 r - 6 javelins (quivered)
Armour
 b - a +0 leather armour
 j - a +0 buckler (worn)
 n - a +2 pair of gloves
 o - +0 steam dragon scales (worn)
 p - a +0 cloak (worn)
 q - a +2 helmet (worn)
Wands
 f - a wand of flame (15)
 g - a wand of digging (1)
Scrolls
 c - a scroll of fog
 d - 6 scrolls of identify {unknown}
 h - a scroll of enchant armour {unknown}
 k - 2 scrolls of teleportation {unknown}
 l - 2 scrolls of blinking {unknown}
 s - a scroll of vulnerability {unknown}
 v - a scroll of enchant weapon {unknown}
Potions
 e - a potion of might {unknown}
 t - a potion of flight


   Skills:
 + Level 4.5 Fighting
 - Level 4.9 Short Blades
 + Level 4.9 Dodging
 - Level 8.3 Stealth
 + Level 3.4 Shields
 * Level 7.4 Unarmed Combat
 - Level 9.0 Transmutations


You had 7 spell levels left.
You knew the following spells:

 Your Spells              Type           Power      Damage    Failure   Level
a - Sting                 Tmut/Pois      40%        1d5       5%          1

Your spell library contained the following spells:

 Spells                   Type           Power      Damage    Failure   Level
 Spider Form              Tmut/Pois      5%         N/A       17%         3
 Corona                   Hex            0%         N/A       34%         1
 Corpse Rot               Necr/Air       N/A        N/A       47%         2
 Ensorcelled Hibernation  Hex/Ice        0%         N/A       47%         2
 Poisonous Vapours        Pois/Air       0%         N/A       47%         2
 Fulminant Prism          Conj/Hex       0%         3d6       98%         4
 Freezing Cloud           Conj/Ice/Air   0%         6-21      100%        5
 Shadow Creatures         Summ           N/A        N/A       100%        6


Dungeon Overview and Level Annotations

Branches:
Dungeon (9/15)
 Temple: D:4-7         Lair: D:8-11         Orc: D:9-12

Altars:
Xom

Shops:
D:8 [*!!


Innate Abilities, Weirdness & Mutations

Your natural rate of healing is accelerated.
You have razor-sharp teeth.
You have supernaturally acute eyesight. (SInv)
You are afflicted with vampirism and can become a bat while bloodless.
You have very sharp fingernails.
You are partially covered in iridescent scales. (AC +2)


Message History

The orc warrior hits you with a +0 trident.
An orc comes into view. It is wielding a +0 morningstar.
Casting: Sting (safe; 5% risk of failure)
Confirm with . or Enter, or press ? or * to list all spells.
Aiming: Sting (safe; 5% risk of failure)
Press: ? - help, Shift-Dir - straight line, f - orc warrior
Aim: an orc warrior, wielding a +0 trident, wearing a +0 plate armour, wearing a +0 buckler and carrying a wand of acid (8) (71% to hit)
The sting hits the orc warrior but does no damage.
The orc warrior is poisoned.
The orc warrior barely misses you.
Casting: Sting (safe; 5% risk of failure)
Confirm with . or Enter, or press ? or * to list all spells.
Aiming: Sting (safe; 5% risk of failure)
Press: ? - help, Shift-Dir - straight line, f/p - orc warrior
Aim: an orc warrior, wielding a +0 trident, wearing a +0 plate armour, wearing a +0 buckler and carrying a wand of acid (8) (poisoned, 71% to hit)
The sting hits the orc warrior.
The orc warrior looks even sicker.
The orc warrior is lightly wounded.
The orc warrior zaps a wand.
The bolt of acid misses you.
Casting: Sting (safe; 5% risk of failure)
Confirm with . or Enter, or press ? or * to list all spells.
Aiming: Sting (safe; 5% risk of failure)
Press: ? - help, Shift-Dir - straight line, f/p - orc warrior
Aim: an orc warrior, wielding a +0 trident, wearing a +0 plate armour, wearing a +0 buckler and carrying a wand of acid (7) (lightly wounded, very poisoned, 71% to hit)
The sting hits the orc warrior but does no damage.
The orc warrior looks even sicker.
The orc warrior is lightly wounded.
The orc warrior zaps a wand.
The bolt of acid hits you!! The acid corrodes you!
You are splashed with acid!
You block the orc's attack.
Casting: Sting (safe; 5% risk of failure)
Confirm with . or Enter, or press ? or * to list all spells.
Aiming: Sting (safe; 5% risk of failure)
Press: ? - help, Shift-Dir - straight line, f/p - orc warrior
Aim: an orc warrior, wielding a +0 trident, wearing a +0 plate armour, wearing a +0 buckler and carrying a wand of acid (6) (lightly wounded, very poisoned, 71% to hit)
The sting misses the orc warrior.
The orc warrior hits you with a +0 trident!
The orc barely misses you.
Okay, then.
The orc warrior zaps a wand.
The bolt of acid hits you!
* * * LOW HITPOINT WARNING * * *
You are splashed with acid!
You die...

#####.####.##########.#
#......##.............#
#.##...............####
#.#..##...###)..##..# #.#.#
#.#.#.#.#.###.#
#.#.###...#.#...###.#
..#....###...###....####.###
##...#.#.#.#.#.#.#)........#
.......##.#.#.##@....######
.##.###..#.#.#..###.#.....#
.#..#...#.#.#.#oo.#.#.###.#
....###..#.#.#..###.#.# #.#
#.#....##.#.#.##....#.# #.#
#.#..#.#.#.#.#)#.#..#.# #.#
#.#....###...###....#.# #.#
#...###...#.#...###...# #.#
##..###.#.# #.#.###...# #.#


You could see an orc warrior (very poisoned).

Vanquished Creatures
  Sigmund (D:2)
  2 wyverns (D:7)
  Eustachio (D:4)
  2 steam dragons
  A water moccasin (D:5)
  An orc warrior (D:7)
  Duvessa (D:5)
  2 black bears
  A sky beast (D:7)
  A centaur (D:7)
  2 wyvern zombies
  A gnoll sergeant (D:7)
  Dowan (D:5)
  A wight (D:9)
  A bullfrog zombie (D:7)
  2 hounds
  A jelly (D:7)
  2 orc priests
  2 iguanas
  Crazy Yiuf (D:5)
  Natasha (D:2)
  6 orc wizards
  A killer bee zombie (D:7)
  Robin (D:3)
  A howler monkey zombie (D:7)
  7 gnolls
  7 adders
  A howler monkey skeleton (D:7)
  2 white imps
  A worm (D:2)
  16 orcs
  7 ball pythons
  5 bats
  6 endoplasms
  A giant cockroach (D:2)
  12 goblins
  6 hobgoblins
  3 kobolds
  3 quokkas
  2 frilled lizards (D:3)
  4 rats
120 creatures vanquished.

Vanquished Creatures (others)
  A sky beast (D:7)
1 creature vanquished.

Grand Total: 121 creatures vanquished

Notes
Turn   | Place    | Note
-------+----------+-------------------------------------------
     0 | D:5      | comborobin the Vampire Delver began the quest for the Orb.
     0 | D:5      | Reached XP level 1. HP: 17/17 MP: 1/1
     2 | D:5      | Found a shimmering altar of Xom.
   161 | D:4      | Noticed Eustachio
   166 | D:4      | Noticed a quasit
   242 | D:5      | Reached skill level 1 in Transmutations
   320 | D:4      | Reached skill level 2 in Transmutations
   538 | D:3      | Reached XP level 2. HP: 22/23 MP: 2/2
   679 | D:3      | Got the Guide on Ensnaring Poison
  1180 | D:2      | Gained mutation: You are afflicted with vampirism and can
                  | become a bat while bloodless. [Vampire growth]
  1180 | D:2      | Reached XP level 3. HP: 24/28 MP: 3/3
  1210 | D:2      | HP: 1/28 [poisoned by an adder]
  1316 | D:2      | Noticed Sigmund
  1332 | D:2      | Killed Sigmund
  1333 | D:2      | Reached skill level 1 in Shields
  1333 | D:2      | Reached XP level 4. HP: 8/35 MP: 4/4
  1333 | D:2      | Reached XP level 5. HP: 10/41 MP: 5/5
  1446 | D:2      | Noticed a black bear
  1468 | D:2      | Killed a black bear
  1469 | D:2      | Reached XP level 6. HP: 6/47 MP: 6/6
  1717 | D:2      | Found a faded altar of an unknown god.
  1809 | D:2      | Noticed Natasha
  1818 | D:2      | Killed Natasha
  1984 | D:2      | Noticed Robin
  2197 | D:3      | Killed Robin
  3119 | D:4      | Gained mutation: You have sharp fingernails. [potion of
                  | mutation]
  3119 | D:4      | Gained mutation: You are partially covered in iridescent
                  | scales. (AC +2) [potion of mutation]
  3119 | D:4      | Gained mutation: You have very sharp fingernails. [potion
                  | of mutation]
  3171 | D:4      | Learned a level 1 spell: Sting
  3205 | D:4      | Killed Eustachio
  3206 | D:4      | Reached XP level 7. HP: 38/52 MP: 3/7
  3563 | D:4      | Reached skill level 3 in Transmutations
  3987 | D:5      | Noticed Dowan
  3989 | D:5      | Noticed Duvessa
  4211 | D:5      | Killed Duvessa
  4212 | D:5      | Reached skill level 4 in Transmutations
  4232 | D:5      | Killed Dowan
  4376 | D:5      | Reached skill level 5 in Transmutations
  4556 | D:5      | Reached skill level 6 in Transmutations
  4566 | D:5      | Found a runed translucent door.
  4567 | D:5      | Noticed Crazy Yiuf
  4699 | D:5      | Reached XP level 8. HP: 40/58 MP: 8/8
  4770 | D:5      | Killed Crazy Yiuf
  4771 | D:5      | Reached skill level 5 in Unarmed Combat
  4927 | D:6      | Reached skill level 7 in Transmutations
  5167 | D:8      | Found Piocy's Distillery.
  5254 | D:9      | Reached skill level 8 in Transmutations
  5294 | D:8      | Found Zudazoso's Antique Armour Emporium.
  5319 | D:8      | Found Zonie's General Store.
  5357 | D:8      | Found Keamabbu's Distillery.
  5862 | D:7      | Reached skill level 9 in Transmutations
  5892 | D:7      | Reached XP level 9. HP: 50/65 MP: 1/9
  6419 | D:7      | HP: 3/66 [orc warrior/bolt of acid (17)]
  6419 | D:7      | Splashed by an orc warrior's acid

Illustrated notes

Levels and vault maps discovered:
D:1:      dpeg_arrival_three_bigger_balls, layout_rooms
D:2:      layout_rooms, hellmonk_ecumenical_altar_pennies_from_heaven,
          uniq_robin, uniq_natasha, uniq_sigmund
D:3:      layout_basic, minmay_fractal_squares_gapless_5
D:4:      layout_gridville, chequers_garden, serial_bayou_pond_d, uniq_eustachio
D:5:      layout_loops_ring, xom_teletrap_fun, uniq_crazy_yiuf_cottage,
          uniq_duvessa
D:6:      layout_rooms, minmay_temple_entry_fiery, minmay_crystal_room,
          st_stairs_14
D:7:      layout_basic, minmay_misc_feat_four_crosses, minmay_starry_boxes
D:8:      layout_cave_pods, dpeg_lair_monsters, serial_shops,
          nicolae_diamond_shop, nicolae_shop_crystal, nicolae_stop_n_shop_2,
          nicolae_stop_n_shop_1, nicolae_shop_trees, gammafunk_ghost_hydra_chop,
          nicolae_water_bricks
D:9:      layout_cave_pods, ebering_ghost_disaster_area, nicolae_elemental_shop

Skill      XL: |  1  2  3  4  5  6  7  8  9 |
---------------+----------------------------+-----
Transmutations | 2 6 9 |  9.0
Short Blades   | 3 4 |  4.9
Fighting       | 3 4 |  4.5
Dodging        | 3 4 |  4.9
Shields        | 1 2 3 |  3.4
Stealth        | 8 |  8.3
Unarmed Combat | 2 4 6 7 |  7.4

Action                   |  1- 3 |  4- 6 |  7- 9 || total
-------------------------+-------+-------+-------++-------
Melee: Short sword       |    94 |   154 |    80 ||   328
       Bite              |     9 |    18 |    23 ||    50
       Unarmed           |       |    26 |   134 ||   160
Throw: Javelin           |       |     7 |       ||     7
 Cast: Sting             |       |     3 |   103 ||   106
Evoke: Wand              |       |     6 |     3 ||     9
  Use: Potion            |     4 |     3 |     4 ||    11
       Scroll            |     1 |       |     2 ||     3
 Stab: Sleeping          |     5 |    10 |     5 ||    20
       Distracted        |     1 |       |       ||     1
Armor: Leather armour    |    29 |   113 |   126 ||   268
       Steam dragon scal |       |       |     3 ||     3
Dodge: Dodged            |    68 |   167 |   182 ||   417
Block: Buckler           |    11 |    49 |    69 ||   129
